 Dungeon Crawl Stone Soup version 0.29-a0-383-g8b6f518c11 (webtiles) character file.

Game seed: 17433522362928974375

101161 Majang the Severer (level 16, 0/178 (186) HPs)
             Began as a Human Berserker on May 5, 2022.
             Was the Champion of Trog.
             Slain by a spectral spriggan berserker (4 damage)
             ... called from beyond by a ghost crab
             ... on level 2 of the Swamp on May 6, 2022.
             The game lasted 01:50:24 (28108 turns).

Majang the Severer (Human Berserker)               Turns: 28108, Time: 01:50:27

HP:   0/178 (186)   AC: 22    Str: 26    XL:     16   Next: 81%
MP:   16/16         EV: 19    Int: 11    God:    Trog [******]
Gold: 777           SH:  0    Dex: 22    Spells: 15/15 levels left

rFire   + . .      SeeInvis .   a - +8 battleaxe (venom)
rCold   + . .      Faith    .   (shield currently unavailable)
rNeg    . . .      Spirit   .   N - +5 ring mail of the Tick {rPois Int+3 Dex+4}
rPois   +          Reflect  .   k - +2 helmet
rElec   .          Harm     .   m - scarf {rC+ rF+}
rCorr   .          Rampage  .   E - +2 pair of gloves
Will    +....                   n - +2 pair of boots
Stlth   ..........              K - amulet of regeneration
HPRegen 1.19/turn               h - +4 ring of slaying
MPRegen 0.15/turn               M - +6 ring of dexterity

@: berserking, marked, lightly drained, very quick
A: no striking features
a: Renounce Religion, Berserk, Trog's Hand, Brothers in Arms


You were on level 2 of the Swamp.
You worshipped Trog.
Trog was exalted by your worship.
You visited 5 branches of the dungeon, and saw 23 of its levels.

You collected 2285 gold pieces.
You spent 1508 gold pieces at shops.

Inventory:

Hand Weapons
 a - a +8 battleaxe of venom (weapon)
 b - the +6 arbalest "Sefutik" {freeze, Str+3}
   (You bought it in a shop on level 1 of the Dungeon)

   Any ammunition fired from it freezes those it strikes, dealing additional
   cold damage.
   It can also slow down cold-blooded creatures.
   Str:       It affects your strength (+3).
 s - a +2 executioner's axe of flaming
Armour
 k - a +2 helmet (worn)
 m - a scarf of resistance (worn)
 n - a +2 pair of boots (worn)
 E - a +2 pair of gloves (worn)
 L - a +4 chain mail of fire resistance
 N - the +5 ring mail of the Tick (worn) {rPois Int+3 Dex+4}
   (You found it on level 6 of the Lair of Beasts)

   Int:       It affects your intelligence (+3).
   Dex:       It affects your dexterity (+4).
   rPois:     It protects you from poison.
 P - a +2 chain mail of fire resistance
 R - the +4 ring mail of Fyniena {rElec rC- rCorr}
   (You bought it in a shop on level 2 of the Orcish Mines)

   rC:        It makes you vulnerable to cold.
   rElec:     It insulates you from electricity.
   rCorr:     It protects you from acid and corrosion.
Jewellery
 d - a ring of protection from cold
 h - a +4 ring of slaying (left hand)
 x - the amulet of Ythen {Spirit rN++ rCorr}
   (You found it on level 2 of the Lair of Beasts)

   [amulet of guardian spirit]

   It causes incoming damage to be divided between your reserves of health and
   magic.
   rN:        It greatly protects you from negative energy.
   rCorr:     It protects you from acid and corrosion.
 z - a ring of see invisible
 B - a ring of protection from fire
 G - a ring of willpower
 K - an amulet of regeneration (around neck)
 M - a +6 ring of dexterity (right hand)
Wands
 l - a wand of flame (40)
 v - a wand of charming (10)
 w - a wand of iceblast (34)
 y - a wand of mindburst (7)
 D - a wand of paralysis (11)
 I - a wand of acid (1)
 O - a wand of polymorph (12)
Scrolls
 e - 3 scrolls of identify
 f - 8 scrolls of teleportation
 g - a scroll of enchant armour
 j - 3 scrolls of poison
 p - 2 scrolls of summoning
 r - 2 scrolls of immolation
 t - 2 scrolls of fog
Potions
 i - 3 potions of cancellation
 o - 6 potions of might
 q - a potion of invisibility
 u - a potion of mutation
 A - 4 potions of resistance
 C - 5 potions of curing
 F - 8 potions of haste
 J - 2 potions of attraction
 Q - a potion of flight
Miscellaneous
 c - a phial of floods
 H - a condenser vane (inert)


   Skills:
 + Level 10.9 Fighting
 * Level 15.9 Axes
 * Level 13.5 Crossbows
 + Level 10.2 Armour
 + Level 10.2 Dodging
 + Level 9.8 Evocations


You had 15 spell levels left.
You didn't know any spells.
Your spell library was empty.

Dungeon Overview and Level Annotations

Branches:
Dungeon (12/15)            Temple (1/1) D:7            Lair (6/6) D:8
  Swamp (2/4) Lair:4       Spider (0/4) Lair:2        Slime (0/5) Lair:5
    Orc (2/2) D:10            Elf (0/3) Orc:2

Altars:
Cheibriados
Elyvilon
Gozag
Hepliaklqana
Kikubaaqudgha
Nemelex Xobeh
Okawaru
Ru
Uskayaw
Vehumet
Wu Jian
Xom
Yredelemnul
Zin
Beogh
Jiyva

Shops:
D:1 (   D:10 *(   D:12 *   Orc:2 [==


Message History

You feel drained.
You miss the spectral spriggan air mage.
The spectral spriggan air mage is moderately damaged.
You barely miss the spectral spriggan berserker.
You slash the alligator!
You kill the alligator!
Trog accepts your kill. Trog grants you a weapon!
Something appears at your feet!
You see here a +2 great sword.
You are engulfed in spectral mist.
* * * LOW HITPOINT WARNING * * *
The bunyip is engulfed in spectral mist.
A bunyip zombie comes into view.
A spriggan berserker simulacrum comes into view.
The four-headed hydra is engulfed in spectral mist.
The spectral spriggan berserker completely misses you.
You slice the swamp worm!!
The swamp worm looks as sick as possible!
The swamp worm is severely wounded.
You closely miss the spectral spriggan berserker.
You slice the spectral spriggan air mage!!
You are engulfed in spectral mist.
You feel the power of Trog in you as your rage grows.
You kill the swamp worm!
Trog accepts your kill. The bog body casts a spell at you.
You resist with some effort.
The bunyip is engulfed in spectral mist.
The four-headed hydra is engulfed in spectral mist.
The ghost crab breathes spectral mist at you.
The spectral mist engulfs you but does no damage.
The alligator is engulfed in spectral mist.
You closely miss the bunyip.
The bunyip is moderately wounded.
You slash the spectral spriggan berserker!
You are engulfed in spectral mist.
The spectral spriggan berserker hits you!
* * * LOW HITPOINT WARNING * * *
You feel drained.
You die...

####....≈♣♣
.....(≈...♣♣♣
...♣♣♣♣.....♣ ..≈♣
.≈♣♣ ♣♣.≈≈.♣ ≈≈≈≈
♣♣♣ ♣.≈..♣♣♣♣ .≈≈≈.
♣♣♣..tZD♣♣♣♣♣.≈≈≈.
♣≈§..tt○.≈...≈≈≈≈ .
♣≈....♣♣♣♣ZxZ○≈≈≈≈≈.
§ ..≈≈≈Zt♣
♣@☼☼§≈≈≈≈: .≈≈≈≈≈≈.
♣☼☼☼≈≈≈≈≈≈ ≈≈≈≈≈≈≈.
♣☼nn≈≈≈≈≈≈ .≈≈..≈≈.
♣♣♣Z.≈n≈≈≈ ♣♣♣♣♣♣♣
Z....≈§ ......§
#######


You could see a bunyip, 2 alligators, a four-headed hydra, a ghost crab, a
spectral death drake (summoned), a spectral spriggan berserker (summoned), a
spectral spriggan air mage (summoned), 3 bog bodies, a spriggan berserker
simulacrum and a bunyip zombie.

Vanquished Creatures
  Rupert (D:12)
  Gastronok (D:11)
  Donald (Swamp:1)
  An orc warlord (Orc:2)
  Nessos (D:12)
  2 eleionomae
  An ettin (Orc:2)
  A shambling mangrove (Swamp:1)
  2 boulder beetles
  3 hydras
  9 two-headed ogres
  A ghost crab (Swamp:1)
  3 death yaks (Lair:5)
  5 alligators
  5 orc high priests (Orc:2)
  Nergalle (D:11)
  A goliath frog (Swamp:1)
  Pikel (D:9)
  A spriggan druid (Swamp:1)
  A bog body (Swamp:1)
  2 bunyip skeletons (Swamp:2)
  3 orc knights (Orc:2)
  4 orc sorcerers (Orc:2)
  A manticore (D:12)
  Maurice (D:8)
  23 elephants
  A will-o-the-wisp (Lair:4)
  Joseph (D:8)
  A gargoyle (D:12)
  8 black mambas
  9 cane toads
  Maggie (D:7)
  3 unseen horrors
  2 rime drakes
  7 komodo dragons
  A burning bush (Lair:4)
  6 hornets (Lair:6)
  5 trolls
  3 tyrant leeches
  Grinder (D:5)
  7 polar bears (Lair:6)
  4 blink frogs (Lair:3)
  8 dream sheep
  A slime creature (Lair:1)
  14 spriggans
  A shadow (D:11)
  A vampire (D:12)
  A wraith (D:12)
  5 wyverns
  8 basilisks
  A steam dragon (D:7)
  54 yaks
  10 vampire mosquitoes
  An acid dragon (D:11)
  8 swamp worms
  23 water moccasins
  48 orc warriors
  2 hornet zombies (Swamp:2)
  5 black bears
  A sky beast (D:8)
  A swamp drake (D:10)
  3 boggarts (Lair:6)
  2 centaurs
  8 ogres
  24 wolves
  3 lemures (D:9)
  5 kobold brigands
  10 bullfrogs
  2 gnoll sergeants
  3 necrophages
  10 scorpions
  3 wights (D:7)
  11 killer bees
  A howler monkey (D:9)
  An electric eel (Lair:4)
  2 lava snakes (D:9)
  3 hounds
  27 orc priests
  Crazy Yiuf (D:4)
  13 jellies
  Ijyb (D:4)
  4 iguanas
  Natasha (thrice) (D:4)
  20 orc wizards
  14 adders
  14 gnolls
  3 ufetubi
  4 worms
  4 dart slugs
  106 orcs
  21 endoplasms
  2 giant cockroaches
  6 goblins
  5 hobgoblins
  2 quokkas
  3 training dummies (D:10)
  8 ball pythons
  4 bats
  3 frilled lizards
  24 kobolds
  6 rats
  A butterfly (Lair:1)
719 creatures vanquished.

Vanquished Creatures (collateral kills)
  A hydra (Lair:3)
  A black mamba (Lair:3)
  A yak (Lair:3)
3 creatures vanquished.

Vanquished Creatures (others)
  8 foxfires
  44 fungi
  40 plants
92 creatures vanquished.

Grand Total: 814 creatures vanquished

Notes
Turn   | Place    | Note
-------+----------+-------------------------------------------
     0 | D:1      | Majang the Human Berserker began the quest for the Orb.
     0 | D:1      | Reached XP level 1. HP: 18/18 MP: 1/1
   356 | D:1      | Found a faded altar of an unknown god.
   383 | D:1      | Found Itatuepo's Antique Weapon Shoppe.
   389 | D:1      | Reached XP level 2. HP: 23/24 MP: 2/2
   800 | D:1      | Reached XP level 3. HP: 29/29 MP: 3/3
  1098 | D:2      | Reached skill level 4 in Axes
  1102 | D:2      | Reached XP level 4. HP: 36/36 MP: 4/4
  2079 | D:3      | Reached ** piety under Trog
  2116 | D:3      | Reached XP level 5. HP: 42/42 MP: 5/5
  2143 | D:3      | Found an iron altar of Okawaru.
  2311 | D:3      | Reached skill level 5 in Axes
  2634 | D:4      | Noticed a bullfrog
  2639 | D:4      | Killed a bullfrog
  2640 | D:4      | Reached XP level 6. HP: 49/49 MP: 6/6
  2679 | D:4      | Noticed Natasha
  2686 | D:4      | Killed Natasha
  2701 | D:4      | Noticed Ijyb
  2719 | D:4      | Killed Ijyb
  2811 | D:4      | Found a radiant altar of Vehumet.
  2890 | D:4      | Reached skill level 6 in Axes
  2987 | D:4      | Reached XP level 7. HP: 54/55 MP: 7/7
  3110 | D:4      | Found a runed translucent door.
  3111 | D:4      | Noticed Crazy Yiuf
  3119 | D:4      | Killed Crazy Yiuf
  3206 | D:4      | Reached skill level 1 in Evocations
  3393 | D:4      | Found a hide-covered altar of Uskayaw.
  3430 | D:4      | Noticed Natasha
  3441 | D:4      | Killed Natasha
  3452 | D:4      | Noticed Natasha
  3456 | D:4      | Killed Natasha
  3752 | D:5      | Entered Level 5 of the Dungeon
  3997 | D:5      | Reached skill level 5 in Fighting
  4059 | D:5      | Identified the +10 whip of Sin {drain, rC+ Will+ MP-9}
  4190 | D:5      | Found a large runed translucent door.
  4190 | D:5      | Found a large runed translucent door.
  4193 | D:5      | Found a shimmering altar of Xom.
  4248 | D:5      | Identified the +7 rapier "Fatiymm" {chaos, Will+}
  4684 | D:5      | Reached XP level 8. HP: 54/62 MP: 8/8
  4737 | D:5      | Noticed Grinder
  4748 | D:5      | Killed Grinder
  4749 | D:5      | Reached skill level 7 in Axes
  5342 | D:5      | Reached *** piety under Trog
  5866 | D:6      | Found a hazy altar of Hepliaklqana.
  6074 | D:6      | Reached XP level 9. HP: 62/69 MP: 9/9
  6759 | D:1      | Bought a glowing battleaxe for 218 gold pieces
  6888 | D:7      | Noticed Maggie
  6900 | D:7      | Killed Maggie
  6901 | D:7      | Reached skill level 8 in Axes
  7080 | D:7      | Noticed a troll
  7086 | D:7      | Killed a troll
  8079 | D:7      | Reached skill level 5 in Dodging
  8256 | D:7      | Found a staircase to the Ecumenical Temple.
  8262 | Temple   | Entered the Ecumenical Temple
  8509 | D:1      | Bought a pitted arbalest for 218 gold pieces
  8509 | D:1      | Identified the +6 arbalest "Sefutik" {freeze, Str+3} (You
                  | bought it in a shop on level 1 of the Dungeon)
  8728 | D:8      | Reached skill level 9 in Axes
  8728 | D:8      | Reached skill level 5 in Armour
  8728 | D:8      | Reached XP level 10. HP: 77/77 MP: 10/10
  8830 | D:8      | Reached skill level 1 in Crossbows
  9126 | D:8      | Noticed Joseph
  9137 | D:8      | Killed Joseph
  9138 | D:8      | Reached skill level 5 in Evocations
  9200 | D:8      | Found a staircase to the Lair.
  9352 | D:8      | Reached **** piety under Trog
  9353 | D:8      | Noticed Maurice
  9371 | D:8      | Killed Maurice
  9372 | D:8      | Reached skill level 10 in Axes
  9372 | D:8      | Reached XP level 11. HP: 7/84 MP: 11/11
  9880 | D:9      | Noticed a two-headed ogre
  9891 | D:9      | Killed a two-headed ogre
 10532 | D:9      | Noticed a two-headed ogre
 10537 | D:9      | Killed a two-headed ogre
 10538 | D:9      | Reached skill level 5 in Crossbows
 11010 | D:9      | Noticed a two-headed ogre
 11015 | D:9      | Killed a two-headed ogre
 11062 | D:9      | Noticed Pikel
 11081 | D:9      | Killed Pikel
 11575 | Lair:1   | Entered Level 1 of the Lair of Beasts
 11824 | Lair:1   | Reached skill level 11 in Axes
 11831 | Lair:1   | Reached XP level 12. HP: 80/92 MP: 12/12
 12122 | Lair:1   | Noticed a boulder beetle
 12136 | Lair:1   | Killed a boulder beetle
 14205 | Lair:2   | Noticed a boulder beetle
 14215 | Lair:2   | Killed a boulder beetle
 14355 | Lair:2   | Reached ***** piety under Trog
 14571 | Lair:2   | Noticed a four-headed hydra
 14575 | Lair:2   | Killed a four-headed hydra
 15003 | Lair:2   | Reached skill level 12 in Axes
 15196 | Lair:2   | Found a hole to the Spider Nest.
 15207 | Lair:2   | Identified the amulet of Ythen {Spirit rN++ rCorr}
 15435 | Lair:3   | Reached XP level 13. HP: 99/99 MP: 13/13
 15804 | Lair:3   | Reached skill level 13 in Axes
 15804 | Lair:3   | Reached skill level 10 in Crossbows
 15804 | Lair:3   | Reached XP level 14. HP: 101/108 MP: 14/14
 16387 | Lair:3   | Received a gift from Trog
 17202 | Lair:3   | HP: 5/108 [yak (9)]
 17202 | Lair:3   | HP: 2/108 [black mamba (3)]
 18045 | Lair:4   | Found a staircase to the Swamp.
 19182 | Lair:5   | Found a viscous altar of Jiyva.
 19182 | Lair:5   | Found a staircase to the Slime Pits.
 19545 | Lair:5   | Reached skill level 14 in Axes
 19738 | Lair:5   | Found the +8 whip "Snakebite" {venom, curare, rPois}
 19820 | Lair:6   | Entered Level 6 of the Lair of Beasts
 20427 | Lair:6   | Reached XP level 15. HP: 114/114 MP: 15/15
 20987 | Lair:6   | Identified the +5 dagger of Fate {venom, rN++}
 21077 | Lair:6   | Paralysed by a hornet for 3 turns
 21081 | Lair:6   | HP: 5/115 [spriggan rider/+0 spear (10)]
 21082 | Lair:6   | HP: 1/115 [spriggan rider/+0 spear (5)]
 21107 | Lair:6   | HP: 5/115 [wolf (2)]
 21107 | Lair:6   | HP: 2/115 [wolf (3)]
 21422 | Lair:6   | Received a gift from Trog
 21923 | Lair:6   | Identified the +5 ring mail of the Tick {rPois Int+3 Dex+4}
 22236 | D:10     | Entered Level 10 of the Dungeon
 22313 | D:10     | Found Kezeutue's General Store.
 22487 | D:10     | Found Onuzaes's Firing Range.
 22546 | D:10     | Reached skill level 10 in Fighting
 22657 | D:10     | Found a staircase to the Orcish Mines.
 22876 | Orc:1    | Entered Level 1 of the Orcish Mines
 23176 | Orc:2    | Entered Level 2 of the Orcish Mines
 23745 | Orc:2    | Reached ****** piety under Trog
 23974 | Orc:1    | You fall into a shaft and drop 1 floor!
 24250 | Orc:2    | Found Esme's Magic Scroll Boutique.
 24270 | Orc:2    | Found Woha's Jewellery Shop.
 24281 | Orc:2    | Reached skill level 15 in Axes
 24788 | Orc:2    | Paralysed by an orc sorcerer for 3 turns
 24951 | Orc:2    | Reached XP level 16. HP: 115/123 MP: 16/16
 24961 | Orc:2    | Found a staircase to the Elven Halls.
 25120 | Orc:2    | Found Ziot's Jewellery Boutique.
 25287 | Orc:2    | Found Zenerake's Antique Armour Shop.
 25295 | Orc:2    | Bought a shiny helmet for 172 gold pieces
 25305 | Orc:2    | Bought a brightly glowing chain mail for 218 gold pieces
 25305 | Orc:2    | Identified the +1 chain mail "Jiagal" {rCorr Str-5 Int+6
                  | Dex+4} (You bought it in a shop on level 2 of the Orcish
                  | Mines)
 25306 | Orc:2    | Bought a warped ring mail for 207 gold pieces
 25306 | Orc:2    | Identified the +4 ring mail of Fyniena {rElec rC- rCorr}
                  | (You bought it in a shop on level 2 of the Orcish Mines)
 25557 | Lair:1   | Upgraded the game from 0.29-a0-378-gc08b2e8bf8 to
                  | 0.29-a0-383-g8b6f518c11
 25719 | D:11     | Noticed Gastronok
 25727 | D:11     | Killed Gastronok
 25983 | D:11     | Received a gift from Trog
 26016 | D:11     | Noticed Nergalle
 26026 | D:11     | Killed Nergalle
 26102 | D:11     | Found a white marble altar of Elyvilon.
 26376 | D:12     | Noticed Rupert
 26389 | D:12     | Killed Rupert
 26490 | D:12     | Found Vaeggy Buops's General Store.
 26498 | D:12     | Bought a scroll of teleportation for 51 gold pieces
 26498 | D:12     | Bought 2 potions of curing for 102 gold pieces
 26498 | D:12     | Bought a +1 pair of gloves for 195 gold pieces
 26498 | D:12     | Bought a scroll of enchant armour for 127 gold pieces
 26836 | D:12     | Noticed Nessos
 26852 | D:12     | Killed Nessos
 27344 | Swamp:1  | Entered Level 1 of the Swamp
 27493 | Swamp:1  | Reached skill level 10 in Dodging
 27546 | Swamp:1  | Reached skill level 10 in Armour
 27796 | Swamp:1  | Noticed Donald
 27814 | Swamp:1  | Killed Donald
 28105 | Swamp:2  | Noticed a fenstrider witch
 28106 | Swamp:2  | Received a gift from Trog
 28108 | Swamp:2  | HP: 4/183 [spectral spriggan berserker[a ghost crab] (9)]
 28108 | Swamp:2  | Slain by a spectral spriggan berserker

Illustrated notes

Levels and vault maps discovered:
D:1:      dpeg_arrival_stonehenge_12_columns, layout_loops_ring,
          dilly_ecumenical_altar_fadedgnrine, serial_shops,
          nicolae_lakefront_shop
D:2:      layout_basic
D:3:      layout_rooms, mainiacjoe_overflow_brackets, kennysheep_cross_room,
          minmay_splitting_lines, nrook_mini_vaults
D:4:      layout_loops_ring, general_overflow_altar, marbit_many_paths,
          uniq_ijyb, uniq_natasha, uniq_crazy_yiuf_cottage
D:5:      due_chaos_kobolds, layout_loops_cross, minmay_misc_feat_tower,
          uniq_grinder
D:6:      layout_basic, mainiacjoe_overflow_small_starburst, minmay_checkerbox
D:7:      layout_basic, minmay_temple_entry_enclosed_plants, uniq_maggie
D:8:      layout_gridville, minmay_lair_entry_grove,
          eino_small_chamber_without_monster, uniq_joseph, uniq_maurice
D:9:      layout_cave_pods, kennysheep_dice, uniq_pikel
D:10:     layout_cave_pools, erik_orc_1, serial_shops, nicolae_square_shop,
          nicolae_shop_firing_range
D:11:     layout_rooms, elyvilon_altar_1, uniq_gastronok, uniq_nergalle
D:12:     layout_grid_maze, serial_shops, shop, uniq_rupert, uniq_nessos
Temple:   eino_narrow_crystal_temple
Lair:1:   lemuel_slime, layout_misc_corridors, minivault_23,
          nzn_sisyphean_effort, lemuel_fruit_fields
Lair:2:   layout_cave_pods, nicolae_spider_entry_non_spiders, grunt_megastairs_1
Lair:3:   layout_cave_shapes, hibernation_bobbens, grunt_megastairs_5
Lair:4:   layout_loops_ring, minmay_swamp_entry_worms, evilmike_ambush
          [evilmike_ambush_outer_pillars, evilmike_ambush_inner_basic],
          infiniplex_staircase_pool
Lair:5:   minmay_guarded_unrand_snakebite, layout_misc_corridors,
          dpeg_slime_entry_enclosed_altar
Lair:6:   minmay_lair_end_enchanted_forest, layout_concentric_octagons
Swamp:1:  layout_basic_swamp, nicolae_swamp_fairy_circle, swamp_pool3,
          uniq_donald
Swamp:2:  layout_basic_swamp, evilmike_swamp_ruin_house_2, beargit_kiku_chapel
Orc:1:    layout_caves
Orc:2:    pubby_orc_utopia, serial_shops

Skill      XL: |  1  2  3  4  5  6  7  8  9 10 11 12 13 14 15 16 |
---------------+-------------------------------------------------+-----
Axes           | 4 5 6 7 9 10 11 12 13 14 15 | 15.9
Fighting       | 4 5 6 7 8 9 10 | 10.9
Evocations     | 1 3 4 5 6 7 8 9 |  9.8
Armour         | 3 5 6 7 8 9 10 | 10.2
Dodging        | 3 5 6 7 8 9 10 | 10.2
Crossbows      | 4 6 8 10 11 12 13 | 13.5

Action                   |  1- 3 |  4- 6 |  7- 9 | 10-12 | 13-15 | 16-18 || total
-------------------------+-------+-------+-------+-------+-------+-------++-------
Melee: Hand axe          |    59 |    32 |       |       |       |     3 ||    94
       Punch             |     1 |       |     1 |       |     1 |       ||     3
       War axe           |       |    61 |   143 |       |       |       ||   204
       Battleaxe         |       |       |    40 |   268 |   549 |   157 ||  1014
       Whip              |       |       |       |       |    20 |       ||    20
       Executioner's axe |       |       |       |       |       |     6 ||     6
 Fire: Arbalest          |       |       |       |    96 |   202 |   173 ||   471
Invok: Berserk           |     2 |     4 |     7 |     9 |     6 |     3 ||    31
       Brothers in Arms  |       |       |       |       |     1 |       ||     1
Evoke: Wand              |       |       |     2 |     7 |     4 |     1 ||    14
       Phial of floods   |       |       |       |     1 |       |       ||     1
       Condenser vane    |       |       |       |       |     1 |     2 ||     3
  Use: Scroll            |       |       |    15 |    12 |    11 |     3 ||    41
       Potion            |       |       |       |     1 |     8 |       ||     9
 Stab: Paralysed         |       |       |       |     1 |       |       ||     1
Armor: Animal skin       |     9 |       |       |       |       |       ||     9
       Chain mail        |    13 |    21 |    79 |   187 |   254 |       ||   554
       Scale mail        |       |    12 |       |       |       |       ||    12
       Acid dragon scale |       |       |     9 |       |       |       ||     9
       Ring mail         |       |       |       |       |    69 |   106 ||   175
Dodge: Dodged            |    27 |    36 |    87 |   141 |   435 |   186 ||   912

Table legend: (Time is in decaauts)
 A = Elapsed time spent in this place.
 B = Non-inter-level travel time spent in this place.
 C = Inter-level travel time spent in this place.
 D = Time resting spent in this place.
 E = Time spent auto-exploring this place.
 F = Levels seen in this place.
 G = Mean time per level.
                   A        B        C        D        E       F      G
               +--------+--------+--------+--------+--------+-----+--------+
         Total |  28603 |  25910 |   2693 |   8578 |  11246 |  23 | 1243.6 |
       Dungeon |  14548 |  13087 |   1461 |   3498 |   7128 |  12 | 1212.3 |
        Temple |      1 |      1 |      0 |      0 |      0 |   1 |    1.0 |
          Lair |  10857 |   9942 |    915 |   4413 |   3565 |   6 | 1809.5 |
         Swamp |    728 |    728 |      0 |    190 |    294 |   2 |  364.0 |
  Orcish Mines |   2466 |   2151 |    315 |    475 |    258 |   2 | 1233.0 |
               +--------+--------+--------+--------+--------+-----+--------+

Top non-repeatable levels by time:
  Lair:1: 2536 daAuts
  Lair:3: 2187 daAuts
  Lair:6: 2146 daAuts
   Orc:2: 2085 daAuts
     D:9: 1833 daAuts
     D:5: 1721 daAuts
     D:7: 1562 daAuts
  Lair:2: 1490 daAuts
     D:8: 1439 daAuts
     D:4: 1382 daAuts
  Lair:4: 1278 daAuts
  Lair:5: 1219 daAuts
     D:6: 1192 daAuts
     D:1: 1181 daAuts
     D:2: 1043 daAuts
